 Dungeon Crawl Stone Soup version 0.22-a0-373-gab1296c (webtiles) character file.

46 iamserjio the Bolt Thrower (level 3, 0/21 HPs)
             Began as a Kobold Hunter on Apr 25, 2018.
             Slain by Natasha (3 damage)
             ... on level 2 of the Dungeon.
             The game lasted 00:03:09 (1249 turns).

iamserjio the Bolt Thrower (Kobold Hunter)          Turns: 1249, Time: 00:03:10

Health: 0/21       AC:  3    Str: 10    XL:     3   Next: 92%
Magic:  3/3        EV: 15    Int: 12    God:
Gold:   17         SH:  0    Dex: 15    Spells: 2/2 levels left

rFire    . . .     SeeInvis .   a - +1 hand crossbow
rCold    . . .     Gourm    .   (shield restricted)
rNeg     . . .     Faith    .   c - +0 leather armour
rPois    .         Spirit   .   (no helmet)
rElec    .         Reflect  .   (no cloak)
rCorr    .         Harm     .   (no gloves)
MR       .....                  (no boots)
Stlth    ++........             (no amulet)
HPRegen  0.07/turn              (no ring)
MPRegen  0.08/turn              (no ring)

@: no status effects
A: small, carnivore
a: no special abilities


You were on level 2 of the Dungeon.
You were not hungry.

You visited 1 branch of the dungeon, and saw 2 of its levels.

You collected 17 gold pieces.

Inventory:

Hand Weapons
 a - a +1 hand crossbow (weapon)
 b - a +0 short sword
Missiles
 d - 63 bolts (quivered)
Armour
 c - a +0 leather armour (worn)
Scrolls
 e - a scroll of identify {unknown}
 g - a scroll of enchant armour {unknown}
 h - a scroll of enchant weapon {unknown}
 i - a scroll of remove curse {unknown}
Comestibles
 f - 3 rations


   Skills:
 - Level 2.1 Fighting
 * Level 5.6 Crossbows
 + Level 1.1 Armour
 + Level 3.1 Dodging
 - Level 1.3 Stealth


You had 2 spell levels left.
You didn't know any spells.

Dungeon Overview and Level Annotations

Branches:
Dungeon (2/15)

Altars:

Annotations:
D:2 Natasha


Innate Abilities, Weirdness & Mutations

You are small and have problems with some larger weapons.
You are carnivorous and can eat meat at any time.


Message History

Aim: Natasha (severely wounded)
You shoot a bolt. The bolt closely misses Natasha.
Natasha misses you.
Firing (i - inventory)
d - 66 bolts (quivered)
Press: ? - help, Shift-Dir - straight line, f/p - Natasha
Aim: Natasha (severely wounded)
You shoot a bolt. The bolt closely misses Natasha.
Natasha closely misses you. Natasha claws you.
* * * LOW HITPOINT WARNING * * *
Firing (i - inventory)
d - 65 bolts (quivered)
Press: ? - help, Shift-Dir - straight line, f/p - Natasha
Aim: Natasha (severely wounded)
You shoot a bolt. The bolt completely misses Natasha.
Natasha closely misses you.
Firing (i - inventory)
d - 64 bolts (quivered)
Press: ? - help, Shift-Dir - straight line, f/p - Natasha
Aim: Natasha (severely wounded)
You shoot a bolt. The bolt hits Natasha.
Natasha is almost dead.
Natasha claws you.
You die...

######......
#...........
#...........
#...........
####(........#
...(.........+
#..h..[...# ###### #@#
#....# #.# #....# #.#
####....# #.# #
........########.##....
.......................+
........###########....#
.................# ...#
........########.# ..#


You could see Natasha.

Vanquished Creatures
  A worm (D:2)
  2 dart slugs
  A leopard gecko (D:1)
  A ball python (D:1)
  8 bats (D:1)
  2 giant cockroaches (D:1)
  4 goblins (D:1)
  4 hobgoblins
  5 kobolds (D:1)
  7 rats (D:1)
35 creatures vanquished.

Notes
Turn   | Place    | Note
-------+----------+-------------------------------------------
     0 | D:1      | iamserjio the Kobold Hunter began the quest for the Orb.
     0 | D:1      | Reached XP level 1. HP: 12/12 MP: 1/1
    33 | D:1      | Reached skill level 5 in Crossbows
    48 | D:1      | Reached XP level 2. HP: 17/17 MP: 2/2
   418 | D:1      | Reached XP level 3. HP: 21/21 MP: 3/3
   792 | D:1      | Reached skill level 1 in Armour
  1237 | D:2      | Noticed Natasha
  1249 | D:2      | Slain by Natasha

Vault maps used:
D:1:      dpeg_arrival_water_temple_mockup, supply_closet_lemuel
D:2:      grunt_temple_overflow_open, minmay_tetromino_t4, uniq_sigmund,
          uniq_natasha

Skill      XL: |  1  2  3 |
---------------+----------+-----
Crossbows      | 5 |  5.6
Dodging        | 3 |  3.1
Armour         | 1 |  1.1
Fighting       | |  2.1
Stealth        | |  1.3

Action                   || total
-------------------------++-------
 Fire: Hand crossbow     ||    85
  Eat: Chunk             ||     2
Armor: Leather armour    ||     4
Dodge: Dodged            ||    24

Table legend:
 A = Spawn XP
 B = Non-spawn XP
 C = Spawn XP percentage of total XP
 D = Spawn monster count
 E = Non-spawn monster count
 F = Spawn count percentage of total count
 G = Total turns spent on level
                    A         B        C        D         E        F      G
               +---------+---------+-------+---------+---------+-------+---------
         Total |       0 |      66 |   0.0 |       0 |      35 |   0.0 |  1249
               +---------+---------+-------+---------+---------+-------+---------
           D:1 |       0 |      55 |   0.0 |       0 |      32 |   0.0 |  1094
           D:2 |       0 |      11 |   0.0 |       0 |       3 |   0.0 |   155
               +---------+---------+-------+---------+---------+-------+---------
